 Dungeon Crawl Stone Soup version 0.31.0-12-g77e489cdc1 (webtiles) character file.

Game seed: 16967214134005787789

3023 sking99 the Zephyrmancer (level 9, -2/56 HPs)
             Began as a Tengu Air Elementalist on Feb 28, 2024.
             Was a Follower of Sif Muna.
             Slain by a human
             ... wielding a +0 war axe
              (15 damage)
             ... in a bailey.
             The game lasted 00:22:22 (9404 turns).

sking99 the Zephyrmancer (Tengu Air Elementalist)   Turns: 9404, Time: 00:22:22

Health: -2/56      AC:  2    Str: 12    XL:     9   Next: 85%
Magic:  2/19       EV: 16    Int: 16    God:    Sif Muna [*.....]
Gold:   333        SH:  0    Dex: 15    Spells: 7/21 levels left

rFire   . . .        d - staff of air
rCold   . . .        (no shield)
rNeg    . . .        a - +0 robe
rPois   .            (helmet restricted)
rElec   +            (no cloak)
rCorr   .            (no gloves)
SInv    .            (boots unavailable)
Will    .....        u - amulet of regeneration
Stlth   ++           (no ring)
HPRegen 1.09/turn    (no ring)
MPRegen 0.16/turn

%: acrobat
@: flying
A: beak, talons 3, evasive flight, acrobatic
a: Renounce Religion, Channel Magic


You were in a bailey.
You worshipped Sif Muna.
Sif Muna was aware of your devotion.
You visited 1 branch of the dungeon, and saw 7 of its levels.
You also visited: Bailey.

You collected 353 gold pieces.
You spent 20 gold pieces at shops.

Inventory:

Hand Weapons
 f - a +3 dagger of electrocution
Missiles
 v - a throwing net
Armour
 a - a +0 robe (worn)
Magical Staves
 d - a staff of air (weapon)
Jewellery
 t - a ring of fire
 u - an amulet of regeneration (around neck)
Wands
 x - a wand of paralysis (10)
Scrolls
 c - 3 scrolls of blinking
 e - 3 scrolls of vulnerability
 i - a scroll of immolation
 j - 4 scrolls of teleportation
 r - a scroll of fear
 w - a scroll of fog
 y - a scroll of noise
 z - a scroll of poison
Potions
 g - 2 potions of invisibility {unknown}
 h - 3 potions of curing {unknown}
 k - a potion of resistance {unknown}
 l - 4 potions of degeneration {unknown}
 m - a potion of mutation {unknown}
 n - 4 potions of enlightenment
 p - a potion of attraction {unknown}
 q - 2 potions of brilliance {unknown}
 s - 3 potions of lignification {unknown}


   Skills:
 + Level 6.6 Fighting
 - Level 2.1 Dodging
 - Level 2.0 Stealth
 + Level 6.5 Spellcasting
 - Level 2.5 Conjurations
 * Level 6.2 Fire Magic
 - Level 9.0 Air Magic
 + Level 3.0 Invocations


You had 7 spell levels left.
You knew the following spells:

 Your Spells              Type           Power      Damage    Failure   Level
a - Shock                 Conj/Air       100%       1d9       1%          1
b - Static Discharge      Conj/Air       70%        3-6/arc   1%          2
c - Airstrike             Air            25%        2d(4-20)  3%          4
d - Swiftness             Air            50%        N/A       1%          3
e - Sticky Flame          Fire/Alch      15%        2d5       36%         4

Your spell library contained the following spells:

 Spells                   Type           Power      Damage    Failure   Level
 Inner Flame              Hex/Fire       15%        N/A       11%         3
 Freeze                   Ice            20%        1d4       13%         1
 Slow                     Hex            20%        N/A       13%         1
 Flame Wave               Conj/Fire      19%        2d7       22%         4
 Hailstorm                Conj/Ice       9%         3d6       24%         3
 Confusing Touch          Hex            5%         N/A       36%         3
 Frozen Ramparts          Ice            10%        1d2       36%         3
 Sigil of Binding         Hex            5%         N/A       36%         3
 Vampiric Draining        Necr           5%         2d6       36%         3


Dungeon Overview and Level Annotations

Branches:
Dungeon (7/15)             Bailey (1/1)
 Temple: D:4-7

Altars:
Elyvilon
Fedhas
Okawaru
Sif Muna
Trog
Xom

Shops:
D:1 !   D:3 *!=:   D:4 ?   D:5 [


Innate Abilities, Weirdness & Mutations

You have a beak for a mouth.
You have claws for feet.
Your magical flight helps you evade attacks. (EV +4)
You can magically evade attacks while moving or waiting.


Message History

The goblin attacks as it pursues you! The goblin completely misses you.
You hit the human but do no damage. Your kick misses the human.
You peck the human, but do no damage.
The human is moderately wounded.
The human misses you. The goblin misses you.
You barely miss the human. You peck the human, but do no damage.
The human is moderately wounded.
The human misses you. The goblin barely misses you.
You hit the human but do no damage. You claw the human, but do no damage.
You peck the human, but do no damage.
The human is moderately wounded.
The human closely misses you. The goblin barely misses you.
You hit the human.
The human is electrocuted!
You claw the human, but do no damage. You peck the human, but do no damage.
The human is severely wounded.
The human hits you with a +0 war axe. The goblin hits you with a +0 hand axe.
You hit the human but do no damage.
The human is electrocuted!
You claw the human, but do no damage.
The human is almost dead.
The human hits you with a +0 war axe! The goblin completely misses you.
You hit the human but do no damage. You claw the human.
Your peck misses the human.
The human is almost dead.
The human misses you. The goblin closely misses you.
The human completely misses you. The goblin hits you with a +0 hand axe.
You hit the human but do no damage. You peck the human, but do no damage.
The human is almost dead.
The human hits you with a +0 war axe! The goblin misses you.
You closely miss the human. Your kick misses the human.
The human is almost dead.
The human hits you with a +0 war axe!
* * * LOW HITPOINT WARNING * * *
The goblin barely misses you.
Okay, then.
Okay, then.
Okay, then.
The air fills with toxic fumes!
As you read the scroll of poison, it crumbles to dust.
The human hits you with a +0 war axe!
You die...

##########
##~~§##...##
#~~§§§#.)).##
#####~§§§§§.....#
##§§§##§§§~#..)...#
#§§§§§§§~)##....###
#§§§§g######g.###
#§§§@p§§§§§#'##
##§§§##§§§§§.#
##### ..§§§.#
######


You could see a human and a goblin.

Vanquished Creatures
  Grinder (D:3)
  A steam dragon (D:7)
  3 humans (Bailey)
  A water moccasin (D:3)
  Duvessa (D:6)
  An ice beast (D:5)
  5 ogres
  A centaur (D:6)
  6 bullfrogs
  A gnoll sergeant (D:7)
  6 scorpions
  Dowan (D:6)
  2 bombardier beetles
  3 orc priests
  6 iguanas
  A sleepcap (D:5)
  3 orc wizards
  Robin (D:4)
  5 gnolls
  7 adders
  2 white imps (D:5)
  2 ufetubi (D:5)
  A dart slug (D:1)
  A ribbon worm (D:4)
  14 orcs
  9 ball pythons
  8 endoplasms
  6 giant cockroaches
  20 goblins
  6 hobgoblins
  6 quokkas
  6 bats
  8 frilled lizards
  6 kobolds
  8 rats
159 creatures vanquished.

Notes
Turn   | Place    | Note
-------+----------+-------------------------------------------
     0 | D:1      | sking99 the Tengu Air Elementalist began the quest for the
                  | Orb.
     0 | D:1      | Reached XP level 1. HP: 10/10 MP: 4/4
     4 | D:1      | Found Cupnimekh's Distillery.
   380 | D:1      | Reached XP level 2. HP: 16/16 MP: 3/6
   412 | D:1      | Learned a level 2 spell: Static Discharge
   953 | D:1      | Reached XP level 3. HP: 20/20 MP: 1/7
  1082 | D:1      | Reached skill level 1 in Fighting
  1545 | D:2      | Found a shimmering altar of Xom.
  2542 | D:3      | Found Miyschee's Jewellery Boutique.
  2544 | D:3      | Found Did Gewn's Book Boutique.
  2583 | D:3      | Reached skill level 5 in Air Magic
  2584 | D:3      | Reached XP level 4. HP: 25/25 MP: 4/8
  2721 | D:3      | Found a bloodstained altar of Trog.
  3185 | D:3      | Noticed Grinder
  3396 | D:2      | Learned a level 4 spell: Airstrike
  3518 | D:3      | Found Sastraehi's Assorted Antiques.
  3571 | D:3      | Noticed a water moccasin
  3583 | D:3      | Killed a water moccasin
  3584 | D:3      | Reached skill level 6 in Air Magic
  3584 | D:3      | Reached XP level 5. HP: 13/31 MP: 2/10
  3708 | D:3      | Found Howiedd's Distillery.
  3910 | D:3      | Killed Grinder
  3911 | D:3      | Reached skill level 7 in Air Magic
  3911 | D:3      | Reached XP level 6. HP: 22/37 MP: 0/12
  4029 | D:4      | Identified a scroll of acquirement
  4029 | D:4      | Acquired a staff of air
  4223 | D:4      | Found Bituv's Magic Scroll Boutique.
  4240 | D:4      | Gained mutation: Your magical flight helps you evade
                  | attacks. (EV +4) [Tengu growth]
  4240 | D:4      | Reached XP level 7. HP: 41/41 MP: 5/13
  4468 | D:4      | Bought a scroll of identify for 20 gold pieces
  4712 | D:4      | Reached skill level 8 in Air Magic
  4879 | D:4      | Noticed Robin
  4892 | D:4      | Killed Robin
  5075 | D:4      | Found a blossoming altar of Fedhas.
  5113 | D:4      | Found an iron altar of Okawaru.
  5270 | D:4      | Found a white marble altar of Elyvilon.
  5982 | D:5      | Entered Level 5 of the Dungeon
  6128 | D:5      | Reached XP level 8. HP: 48/48 MP: 9/15
  6170 | D:5      | Learned a level 3 spell: Swiftness
  6225 | D:5      | Reached skill level 9 in Air Magic
  6498 | D:5      | Found Viaxuann's Armour Boutique.
  6566 | D:5      | Found a shimmering blue altar of Sif Muna.
  6661 | D:5      | Became a worshipper of Sif Muna the Loreminder
  7082 | D:5      | Reached skill level 5 in Spellcasting
  7184 | D:5      | Reached skill level 5 in Fighting
  7323 | D:5      | Learned a level 4 spell: Sticky Flame
  7435 | D:5      | Reached skill level 1 in Fire Magic
  7904 | D:6      | Noticed Duvessa
  7904 | D:6      | Noticed Dowan
  7908 | D:6      | Killed Duvessa
  7911 | D:6      | Killed Dowan
  8194 | D:6      | Reached skill level 1 in Invocations
  8194 | D:6      | Reached XP level 9. HP: 53/55 MP: 5/18
  9217 | D:7      | Reached * piety under Sif Muna
  9218 | D:7      | Reached skill level 5 in Fire Magic
  9237 | D:7      | Found a flagged portal.
  9243 | Bailey   | Entered a bailey
  9404 | Bailey   | Slain by a human

Illustrated notes

Levels and vault maps discovered:
D:1:      dpeg_arrival_fog, layout_basic, serial_shops,
          nicolae_shop_advertising_works [nicolae_subvault_shop_adworks],
          hangedman_decor_peaks_small, minmay_tetromino_s2
D:2:      mumra_celtic_spiral_tile, layout_rooms, basic_altar
D:3:      layout_basic, trog_butcher_becter, serial_shops, shop, shop,
          nicolae_shop_crystal, shop, uniq_grinder
D:4:      layout_layer_cave, mainiacjoe_overflow_24_doors,
          mainiacjoe_overflow_small_starburst, lemuel_doored_altar,
          serial_shops, shop, uniq_robin
D:5:      layout_loops_corners, led_sif_pool, minmay_shop_grid_forest,
          serial_bayou_ford_a
D:6:      layout_rooms, uniq_duvessa
D:7:      layout_loops_cross, temple_fountains, enter_bailey_3,
          nicolae_ossuary_entry_giza, minmay_misc_feat_roman
Bailey:   bailey_axe_froggy_fort_hellmonk, bailey

Skill      XL: |  1  2  3  4  5  6  7  8  9 |
---------------+----------------------------+-----
Conjurations   | 2 |  2.5
Fighting       | 1 2 3 4 5 6 |  6.6
Air Magic      | 5 6 7 8 9 |  9.0
Spellcasting   | 3 4 5 6 |  6.5
Fire Magic     | 3 6 |  6.2
Invocations    | 1 3 |  3.0
Dodging        | |  2.1
Stealth        | |  2.0

Action                     |  1- 3 |  4- 6 |  7- 9 || total
---------------------------+-------+-------+-------++-------
  Melee: Dagger            |       |     1 |       ||     1
         Staff             |       |       |    23 ||    23
         Kick              |       |       |    11 ||    11
         Peck              |       |       |     8 ||     8
   Cast: Shock             |   103 |    71 |    79 ||   253
         Static Discharge  |       |     4 |    28 ||    32
         Airstrike         |       |       |    62 ||    62
 Invoke: Channel Magic     |       |       |     1 ||     1
    Use: Scroll            |       |     9 |     4 ||    13
         Potion            |       |       |     1 ||     1
 Armour: Robe              |     5 |    16 |    66 ||    87
  Dodge: Dodged            |    22 |    11 |    63 ||    96
